 Dungeon Crawl Stone Soup version 0.13-b1-41-gf166b9b (webtiles) character file.

470 Lilouch the Slasher (level 6, -4/48 HPs)
             Began as a Mummy Fighter on Oct 8, 2013.
             Slain by an orc warrior
             ... wielding a -1,+0 orcish flail
              (9 damage)
             ... on Level 4 of the Dungeon.
             The game lasted 00:30:39 (25946 turns).

Lilouch the Slasher (Mummy Fighter)                Turns: 25946, Time: 00:30:39

HP  -4/48        AC 10     Str 21      XL: 6   Next: 16%
MP   5/5         EV  3     Int  7      God:
Gold 165         SH 28     Dex 11      Spells:  0 memorised,  5 levels left

Res.Fire  : x . .   See Invis. : .   a - +0 falchion
Res.Cold  : + . .   Warding    : .   D - +1 orc chain mail
Life Prot.: + + +   Conserve   : .   z - +0 large shield
Res.Poison: +       Res.Corr.  : .   (no helmet)
Res.Elec. : .       Clarity    : .   (no cloak)
Sust.Abil.: . .     Spirit.Shd : .   (no gloves)
Res.Mut.  : .       Stasis     : .   (no boots)
Res.Rott. : +       Flight     : .   (no amulet)
Saprovore : . . .                    (no ring)
                                     (no ring)

@: somewhat resistant to hostile enchantments, extremely unstealthy
A: no food or potions, fire vulnerability, restore body, cold resistance 1, life
protection 3, poison resistance, torment resistance, unbreathing
a: no special abilities


You were on level 4 of the Dungeon.
You were not hungry.

You visited 1 branch of the dungeon, and saw 4 of its levels.

You collected 145 gold pieces.

Inventory:

Hand weapons
 a - a +0,+0 falchion (weapon)
 b - a +1,+1 dwarven short sword of electrocution
 i - a cursed -2,+0 sling
 o - a +2,+0 dwarven dagger
 p - a +0,+2 dagger of draining
 q - a cursed +1,+0 dwarven dagger (quivered)
 x - a +0,+0 war axe
Missiles
 c - a silver dart
 e - 37 darts
 f - 38 bolts
 g - 49 arrows
 s - 16 steel darts
 w - 13 sling bullets
Armour
 z - a +0 large shield (worn)
 D - a +1 orcish chain mail (worn)
Comestibles
 j - 2 pears
 l - a bread ration
 r - a choko
 A - a meat ration
Scrolls
 d - 7 scrolls of identify {unknown}
 h - 2 scrolls of remove curse {unknown}
 k - a scroll of blinking {unknown}
 n - a scroll of recharging {unknown}
 v - a scroll of teleportation {unknown}
 y - a scroll of noise {unknown}
 B - a scroll of enchant weapon II {unknown}
Potions
 m - a potion of heal wounds {unknown}
 t - a potion of curing {unknown}
 u - a potion of slowing {unknown}
 C - a potion of confusion {unknown}


   Skills:
 - Level 3.3 Fighting
 * Level 3.7 Long Blades
 + Level 3.5 Armour
 - Level 0.5 Dodging
 - Level 0.1 Stealth
 + Level 3.4 Shields


You had 5 spell levels left.
You didn't know any spells.

Dungeon Overview and Level Annotations

Branches:
Dungeon (4/27)
 Temple: D:4-7

Altars:
Ashenzari
Elyvilon
Zin


Innate Abilities, Weirdness & Mutations

You do not eat or drink.
Your flesh is vulnerable to fire.
Your flesh is cold resistant.
You are immune to negative energy.
Your system is resistant to poisons.
You are immune to unholy pain and torment.
You can survive without breathing.


Message History

There is a stone staircase leading down here.
You see here an orcish hand axe.
You hit the orc warrior but do no damage.
The orc warrior hits you with an orcish flail!
You hit the orc warrior but do no damage.
The orc warrior hits you with an orcish flail.
You hit the orc warrior but do no damage.
The orc warrior hits you with an orcish flail.
You hit the orc warrior but do no damage.
You block the orc warrior's attack.
You hit the orc warrior.
The orc warrior is lightly wounded.
The orc warrior hits you with an orcish flail!
* * * LOW HITPOINT WARNING * * *
You block the orc warrior's attack.
You climb downwards.
There is a stone staircase leading up here.
There is a stone staircase leading up here.
The orc warrior hits you with an orcish flail!
You die...

#.# #.# #.# #.######.# #.
#.# #........# ###.#####.#
#........#
...........####........#
........................#
.......####'#...........#
.......#....#..o........#
........#....#..@........#
........'....#...........#
........#....#..#####....#
(......#....#..# #....#
.......#....#..# #....#
.......#....#..# #....#
......#'####..# #....#
..........[....# #....#
......####....# #....#


You could see an orc warrior.

Vanquished Creatures
  A scorpion (D:3)
  Terence (D:2)
  15 adders
  2 worms (D:2)
  4 giant geckos
  2 oozes (D:1)
  7 orcs
  6 giant cockroaches
  12 hobgoblins
  3 jackals (D:3)
  A quokka (D:3)
  13 bats
  7 giant newts
  11 goblins
  17 kobolds
  10 rats
112 creatures vanquished.

Vanquished Creatures (others)
  A bat (D:2)
  A kobold (D:2)
  A rat (D:2)
3 creatures vanquished.

Grand Total: 115 creatures vanquished

Notes
Turn   | Place    | Note
--------------------------------------------------------------
     0 | D:1      | Lilouch, the Mummy Fighter, began the quest for the Orb.
     0 | D:1      | Reached XP level 1. HP: 18/18 MP: 0/0
    57 | D:1      | Found a shattered altar of Ashenzari.
   242 | D:1      | Reached XP level 2. HP: 22/24 MP: 1/1
  2187 | D:1      | Reached XP level 3. HP: 27/30 MP: 2/2
  9025 | D:1      | Noticed a hungry ghost
  9286 | D:2      | Reached XP level 4. HP: 14/36 MP: 3/3
  9567 | D:2      | Noticed Terence
  9591 | D:2      | Killed Terence
 10512 | D:1      | Noticed an ice dragon
 11018 | D:1      | Noticed an ogre
 11162 | D:2      | Reached XP level 5. HP: 32/42 MP: 4/4
 18029 | D:2      | Noticed a deep troll earth mage
 18196 | D:3      | Found a glowing silver altar of Zin.
 18685 | D:4      | Found a white marble altar of Elyvilon.
 21581 | D:3      | Reached XP level 6. HP: 48/48 MP: 5/5
 25946 | D:4      | Slain by an orc warrior

Action                   |  1- 3 |  4- 6 || total
-------------------------+-------+-------++-------
Melee: Falchion          |   180 |   301 ||   481
